 Dungeon Crawl Stone Soup version 0.19-a0-1899-g2d93087 (webtiles) character file.

361 Amnesiac the Insei (level 6, -1/33 HPs)
             Began as a Vine Stalker Monk on Oct 19, 2016.
             Slain by an ogre
             ... wielding a +0 giant club
              (16 damage)
             ... on level 4 of the Dungeon.
             The game lasted 00:03:47 (1496 turns).

Amnesiac the Insei (Vine Stalker Monk)              Turns: 1496, Time: 00:03:48

Health: -1/33      AC:  5    Str: 16    XL:     6   Next: 66%
Magic:  0/11       EV: 12    Int: 10    God:
Gold:   60         SH:  0    Dex: 16    Spells: 0 memorised, 11 levels left

rFire  . . .     SeeInvis .       - Unarmed
rCold  . . .     Gourm    .     h - +0 ring mail
rNeg   . . .     Faith    .     (no shield)
rPois  .         Spirit   +     (no helmet)
rElec  .         Reflect  .     (no cloak)
rCorr  .         Harm     .     (no gloves)
MR     .....                    (no boots)
Stlth  ++........               g - amulet of inaccuracy (curse)
                                (no ring)
                                (no ring)

@: no status effects
A: fangs 2, regeneration 1, magic shield, antimagic bite, no device heal 3, rot
immunity
a: no special abilities


You were on level 4 of the Dungeon.
You were not hungry.

You visited 1 branch of the dungeon, and saw 4 of its levels.

You collected 60 gold pieces.

Inventory:

Armour
 h - a +0 ring mail (worn)
Jewellery
 g - a cursed amulet of inaccuracy (around neck)
Scrolls
 a - a scroll of fog {unknown}
 j - 2 scrolls of immolation {unknown}
 l - a scroll of enchant weapon {unknown}
 m - a scroll of teleportation {unknown}
 p - a scroll of remove curse {unknown}
Potions
 e - 2 potions of cancellation {unknown}
 k - a potion of heal wounds {unknown}
 n - 2 potions of brilliance {unknown}
 o - a potion of curing
Comestibles
 b - 3 bread rations
 c - a meat ration
 d - 3 beef jerkies
 f - a slice of pizza
 i - 4 fruits
 q - 2 chunks of flesh


   Skills:
 - Level 3.9 Fighting
 - Level 2.5 Dodging
 - Level 2.4 Stealth
 + Level 5.5 Unarmed Combat
 - Level 3.0 Spellcasting


You had 11 spell levels left.
You didn't know any spells.

Dungeon Overview and Level Annotations

Branches:
Dungeon (4/15)
 Temple: D:4-7

Altars:
Ashenzari


Innate Abilities, Weirdness & Mutations

You have extremely sharp teeth.
Your natural rate of healing is unusually fast.
When hurt, damage is shared between your health and your magic reserves.
Your bite disrupts and absorbs the magic of your enemies.
Potions and wands cannot restore your health.
You are immune to rotting.


Message History

HP restored.
You start resting.
Magic restored.
You climb downwards.
The ogre barely misses you.
There is a stone staircase leading up here.
You hit the ogre.
The ogre is moderately wounded.
The ogre hits you with a giant club!
You closely miss the ogre.
The ogre is moderately wounded.
The ogre hits you with a giant club!
You closely miss the ogre. Your bite misses the ogre.
The ogre is moderately wounded.
You punch the ogre! Your bite misses the ogre.
The ogre is heavily wounded.
The ogre barely misses you.
You hit the ogre but do no damage. You bite the ogre, but do no damage.
The ogre is heavily wounded.
The ogre hits you with a giant club!!
You die...

... .# #.# .# #.##+##
.# #.#...## ##.#
#......## #..##
.####.......## #.#.##
.............###....##
.............'.O.....#
.###.........###@...##
##.......## #...##
##.....## ###.#
##...## .# ##+## #


You could see an ogre.

Vanquished Creatures
  A necrophage (D:3)
  The ghost of Philosophy the Bolt Thrower, an amateur CeHu (D:3)
  Blork the orc (D:3)
  A worker ant (D:3)
  4 gnolls
  An adder (D:3)
  3 oozes
  A dart slug (D:3)
  2 leopard geckos (D:2)
  A ball python (D:3)
  2 giant cockroaches (D:3)
  3 hobgoblins
  3 kobolds
  A quokka (D:2)
  9 bats
  A frilled lizard (D:3)
  A rat (D:1)
36 creatures vanquished.

Notes
Turn   | Place    | Note
-------+----------+-------------------------------------------
     0 | D:1      | Amnesiac the Vine Stalker Monk began the quest for the Orb.
     0 | D:1      | Reached XP level 1. HP: 11/11 MP: 2/2
    22 | D:1      | Reached XP level 2. HP: 5/16 MP: 3/3
   130 | D:1      | Found a shattered altar of Ashenzari.
   330 | D:2      | Reached skill level 4 in Unarmed Combat
   378 | D:3      | Noticed a necrophage
   379 | D:3      | Reached XP level 3. HP: 19/19 MP: 4/4
   431 | D:3      | Noticed Philosophy's ghost (amateur CeHu)
   842 | D:3      | Gained mutation: Your natural rate of healing is unusually fast. [Vine Stalker growth]
   842 | D:3      | Reached XP level 4. HP: 22/23 MP: 3/5
   991 | D:3      | Reached skill level 5 in Unarmed Combat
  1145 | D:3      | Killed a necrophage
  1145 | D:3      | Reached XP level 5. HP: 23/29 MP: 4/6
  1168 | D:3      | Killed Philosophy's ghost
  1168 | D:3      | Reached XP level 6. HP: 20/33 MP: 5/10
  1384 | D:4      | Noticed Blork the orc
  1423 | D:3      | Killed Blork the orc
  1496 | D:4      | Slain by an ogre

Vault maps used:
D:1:      scummos_arrival_simple_crosswalls, nicolae_ashenzari_panopticon
D:2:      first_bread, minmay_pentomino_r4, uniq_crazy_yiuf_cottage
D:3:      uniq_robin
D:4:      minmay_goblin_kobold_castle, uniq_sigmund, uniq_blork_the_orc

Skill      XL: |  1  2  3  4  5  6 |
---------------+-------------------+-----
Unarmed Combat | 4 5 |  5.5
Fighting       | 3 |  3.9
Spellcasting   | 2 3 |  3.0
Dodging        | |  2.5
Stealth        | |  2.4

Action                   |  1- 3 |  4- 6 || total
-------------------------+-------+-------++-------
Melee: Unarmed           |    70 |   135 ||   205
       Bite              |    13 |    40 ||    53
       Punch             |       |     6 ||     6
  Use: Scroll            |     3 |       ||     3
 Stab: Sleeping          |     5 |     1 ||     6
  Eat: Chunk             |       |     2 ||     2
Armor: Robe              |     5 |       ||     5
       Ring mail         |    25 |    55 ||    80
Dodge: Dodged            |    67 |    86 ||   153
